 Dungeon Crawl Stone Soup version 0.14-a0-1546-g4b4961f (webtiles) character file.

706 Gorice the Ruinous (level 7, -2/41 HPs)
             Began as an Octopode Fire Elementalist on Dec 18, 2013.
             Killed from afar by an orc wizard (8 damage)
             ... with a magic dart
             ... on Level 4 of the Dungeon.
             The game lasted 00:38:36 (3920 turns).

Gorice the Ruinous (Octopode Fire Elementalist)     Turns: 3920, Time: 00:38:36

HP  -2/41        AC  1     Str  8      XL: 7   Next: 29%
MP   5/12        EV 11     Int 19      God:
Gold 155         SH  6     Dex 12      Spells:  2 memorised,  6 levels left

rFire  . . .     SeeInvis .     B - +0 blowgun
rCold  . . .     Clarity  .     d - +0 elf buckler
rNeg   . . .     Conserve .     (helmet restricted)
rPois  .         rCorr    .     p - amulet of resist mutation
rElec  .         rRot     .     e - cursed ring of hunger {unknown}
SustAb . .       Spirit   .     (no ring)
rMut   +         Warding  .     (no ring)
Saprov . . .     Stasis   .     (no ring)
                                (no ring)
                                (no ring)
                                (no ring)
                                (no ring)

@: very slightly contaminated, slightly resistant to hostile enchantments, quite
stealthy
A: almost no armour, amphibious, 8 rings, constrict 8, camouflage 1, gelatinous
body 1
a: no special abilities


You were on level 4 of the Dungeon.
You were not hungry.

You visited 1 branch of the dungeon, and saw 4 of its levels.

You collected 155 gold pieces.

Inventory:

Hand weapons
 a - a +0,+0 elven short sword
 b - a +1,+2 sling
 k - a +1,+3 orcish glaive of freezing
 m - a +0,+2 orcish falchion
 o - a cursed -2,-2 elven dagger
 t - a +0,+0 falchion
 u - a +0,+1 dwarven war axe
 z - a +1,+1 orcish war axe
 B - a +0 blowgun (weapon)
Missiles
 x - a sling bullet
 y - a poisoned needle (quivered)
 V - 14 darts of frost
 Z - 41 stones
Armour
 d - a +0 elven buckler (worn)
Comestibles
 c - 2 bread rations
 h - 2 chunks of worm flesh
Scrolls
 f - a scroll of enchant weapon I {unknown}
 g - a scroll of curse armour {unknown}
 i - 3 scrolls of remove curse
 s - a scroll of curse jewellery {curse jewel, unknown}
 v - a scroll of fear {unknown}
Jewellery
 e - a cursed ring of hunger (left tentacle) {unknown}
 p - an amulet of resist mutation (around mantle)
 r - an uncursed amulet of guardian spirit
Potions
 l - a potion of restore abilities {unknown}
 n - a potion of poison {unknown}
 q - a potion of lignification {unknown}
 w - a potion of degeneration {unknown}
Books
 j - a book of Flames

   Spells                             Type                      Level
   *Flame Tongue                      Conjuration/Fire             1
   Throw Flame                        Conjuration/Fire             2
   *Conjure Flame                     Conjuration/Fire             3
   Inner Flame                        Hexes/Fire                   3
   Sticky Flame                       Conjuration/Fire             4
   Fireball                           Conjuration/Fire             5


   Skills:
 - Level 2.0 Dodging
 - Level 2.6 Stealth
 * Level 2.1 Spellcasting
 + Level 5.8 Conjurations
 + Level 5.5 Fire Magic


You had 6 spell levels left.
You knew the following spells:

 Your Spells              Type           Power        Failure   Level  Hunger
a - Flame Tongue          Conj/Fire      ###..        1%          1    #......
b - Conjure Flame         Conj/Fire      ###.....     8%          3    ###....


Dungeon Overview and Level Annotations

Branches:
Dungeon (4/16)
 Temple: D:4-7

Altars:
Fedhas

Annotations:
D:3 Grinder


Innate Abilities, Weirdness & Mutations

You cannot wear most types of armour.
You are amphibious.
You can wear up to eight rings at the same time.
You can use your tentacles to constrict many enemies at once.
Your skin changes colour to match your surroundings (Stlth).
Your rubbery body absorbs attacks (AC +1).


Message History

an orcish war axe; an orcish chain mail; a diamond ring; an orc corpse
There are several objects here.
Pick up an orcish war axe? ((y)es/(n)o/(a)ll/(m)enu/*?g,/q)
e - a diamond ring Put on which piece of jewellery? (? for menu, Esc to quit)
You can only put on jewellery.
Put on which piece of jewellery? (? for menu, Esc to quit)
Oops, that ring feels deathly cold.
e - a cursed diamond ring (left tentacle) {tried} You see here a poisoned needle.
Things that are here:
an orcish war axe; an orcish chain mail; an orc corpse
There are several objects here.
Pick up an orcish war axe? ((y)es/(n)o/(a)ll/(m)enu/*?g,/q)
z - an orcish war axe Pick up an orcish chain mail? ((y)es/(n)o/(a)ll/(m)enu/*?g,/q) Pick up an orc corpse? ((y)es/(n)o/(a)ll/(m)enu/*?g,/q)
Okay, then.
The magic dart hits you!
You die...

####################
#...............>...
#...........(.......
#.....#######(######
#....(#.....#.#.....
#....[#.....#.#..).
#.....#.....#ยง#...#
#..@..#.....#{#...#
#.....#.....#o#...#
#.....#'#####)#...#
#.............#...##
#.............'.....
#.............#.....
#.............######
#...................
#..........########.


There were no monsters in sight!

Vanquished Creatures
  An orc warrior (D:4)
  The ghost of
  101 the Digger, an average DDEE (D:3)
  An orc wizard (D:3)
  3 worker ants
  Ijyb (D:3)
  A worker ant zombie (D:3)
  9 adders
  2 giant mites
  5 worms
  An iguana skeleton (D:4)
  4 giant geckos
  9 orcs
  A ball python (D:2)
  6 bats
  4 giant cockroaches
  6 goblins
  7 hobgoblins
  6 jackals
  A quokka (D:2)
  5 giant newts
  A goblin zombie (D:1)
  8 kobolds
  11 rats
  A rat zombie (D:1)
95 creatures vanquished.

Notes
Turn   | Place    | Note
--------------------------------------------------------------
     0 | D:1      | Gorice, the Octopode Fire Elementalist, began the quest for the Orb.
     0 | D:1      | Reached XP level 1. HP: 11/11 MP: 3/3
   245 | D:1      | Reached XP level 2. HP: 17/17 MP: 1/4
   889 | D:2      | Reached XP level 3. HP: 18/21 MP: 3/6
  1228 | D:2      | Reached XP level 4. HP: 27/27 MP: 7/7
  1233 | D:2      | Learned a level 3 spell: Conjure Flame
  1234 | D:2      | Found a blossoming altar of Fedhas.
  1742 | D:2      | Reached XP level 5. HP: 31/31 MP: 9/9
  1805 | D:2      | Reached skill level 4 in Conjurations
  2166 | D:3      | Noticed 101's ghost (average DDEE)
  2172 | D:3      | Killed 101's ghost
  2172 | D:3      | Reached XP level 6. HP: 36/36 MP: 4/10
  2607 | D:3      | Reached skill level 5 in Conjurations
  2693 | D:3      | Noticed Ijyb
  2707 | D:3      | Killed Ijyb
  2999 | D:3      | Noticed Grinder
  3046 | D:3      | Reached skill level 5 in Fire Magic
  3538 | D:4      | Reached XP level 7. HP: 25/41 MP: 6/12
  3920 | D:4      | Killed from afar by an orc wizard

Action                   |  1- 3 |  4- 6 |  7- 9 || total
-------------------------+-------+-------+-------++-------
Melee: Unarmed           |     5 |       |       ||     5
       Short sword       |    10 |    14 |     6 ||    30
 Fire: Sling             |    28 |   127 |    11 ||   166
       Blowgun           |       |       |    11 ||    11
Throw: Javelin           |       |     2 |     6 ||     8
       Stone             |       |     1 |       ||     1
 Cast: Flame Tongue      |    42 |    44 |    16 ||   102
       Conjure Flame     |       |    13 |     4 ||    17
  Use: Scroll            |     4 |     4 |       ||     8
       Potion            |       |       |     2 ||     2
